 Zot Defence DCSS version 0.15.2 (webtiles) character file.

7245 Mgcat the Grappler (level 10, -15/97 (104) HPs)
             Began as a Troll Berserker on May 9, 2018.
             Was a Believer of Trog.
             Shot with a bolt by a yaktaur (17 damage)
             ... in the Realm of Zot (Scenario I: Hall of Zot).
             The game lasted 00:21:20 (1815 turns).

Mgcat the Grappler (Troll Berserker)                Turns: 1815, Time: 00:21:20

HP -15/97 (104)  AC  0     Str 28      XL: 10   Next: 88%
MP   4/4         EV 13     Int  4      God: Trog [**....]
Gold 0           SH  0     Dex 10      Spells:  0 memorised,  9 levels left

rFire  . . .     SeeInvis .       - Unarmed
rCold  . . .     Clarity  .     b - +0 animal skin
rNeg   . . .     rCorr    .     (shield restricted)
rPois  .         rRot     .     (helmet restricted)
rElec  .         Spirit   .     (no cloak)
SustAb .         Warding  .     (gloves unavailable)
rMut   .         Stasis   .     (boots unavailable)
Gourm  +                        (no amulet)
MR     .....                    (no ring)
                                (no ring)

@: corroded equipment, not resistant to hostile enchantments, very unstealthy
A: unfitting armour, claws 3, fast metabolism 3, gourmand, regeneration 2,
saprovore 2, shaggy fur 1, tough skin 2
a: Make oklob sapling, Make arrow trap, Make plant, Remove Curse, Make burning
bush, Make altar, Make grenades, Make oklob plant, Make net trap, Make ice
statue, Make spear trap, Burn Spellbooks, Berserk, Trog's Hand, Renounce
Religion


You were in the Realm of Zot.
You worshipped Trog.
Trog was pleased with you.
You were not hungry.

You visited 1 branch

Inventory:

Armour
 b - a +0 animal skin (worn)
Comestibles
 c - 2 meat rations
Scrolls
 h - a scroll of blinking
Potions
 a - 3 potions of curing
 d - a potion of heal wounds
 e - a potion of haste
 f - 2 potions of magic
 g - a potion of berserk rage


   Skills:
 + Level 8.3 Fighting
 + Level 8.8 Dodging
 + Level 10.4 Unarmed Combat


You had 9 spell levels left.
You didn't know any spells.

Dungeon Overview and Level Annotations

Branches:
    Zot (1/1)

Altars:


Innate Abilities, Weirdness & Mutations

You are too large for most types of armour.
You have claws for hands.
Your metabolism is lightning-fast.
You like to eat raw meat.
You heal very quickly.
You can eat rotten meat.
You are covered in fur (AC +1).
You have very tough skin (AC +2).


Message History

The vampire flickers and vanishes!
An arrow hits the slime creature!
Unknown command.
Unknown command.
Unknown command.
Unknown command.
Unknown command.
Unknown command.
You swing at nothing.
Something hits you!
* * * LOW HITPOINT WARNING * * *
Something bites you.
* * * LOW HITPOINT WARNING * * *
Something draws strength from your injuries!
Your oklob sapling spits acid at the slime creature.
The splash of acid hits the slime creature.
Unknown command.
Unknown command.
Unknown command.
You swing at nothing.
The yaktaur wields an arbalest.
The yaktaur shoots a bolt.
The bolt hits you!
You die...

######### ######### ....####
####.... .......### ###.......
.........## ##.........
......s...# ▓▓▓▓▓▓▓▓▓ #..........
..........▓▓▓P..P..P▓▓▓..........
........).▓▓....P....▓▓..........
.........)▓%.))PPP.%)%▓).........
..........))))^)@^^)()c).........
..........▓)))..PP)J.)▓..........
..........▓▓....P...)▓▓..........
..........▓▓▓.P.P.PP▓▓▓..........
..........▓ ▓▓▓▓▓▓▓▓▓ ▓..........
.........▓▓ ▓▓.........
.......▓▓▓ ▓▓▓....... ....▓▓▓▓
▓▓▓▓.... ▓▓▓▓▓▓▓▓ ▓▓▓▓▓▓▓▓


You could see a slime creature, a yaktaur, 8 friendly oklob plants and 6
friendly oklob saplings.

Vanquished Creatures
  A yellow draconian (Zot)
  Psyche (Zot)
  A centaur (Zot)
  2 orc warriors (Zot)
  A giant frog (Zot)
  A big kobold (Zot)
  2 orc priests (Zot)
  A worker ant (Zot)
  An iguana (Zot)
  An orc wizard (Zot)
  2 sheep (Zot)
  Ijyb (Zot)
  5 adders (Zot)
  3 green rats (Zot)
  A giant mite (Zot)
  3 worms (Zot)
  6 oozes (Zot)
  2 orcs (Zot)
  A ball python (Zot)
  6 goblins (Zot)
  A hobgoblin (Zot)
  A quokka (Zot)
  3 bats (Zot)
  7 kobolds (Zot)
  A rat (Zot)
55 creatures vanquished.

Vanquished Creatures (collateral kills)
  2 hill giants (Zot)
  3 polar bears (Zot)
  2 yaks (Zot)
  Edmund (Zot)
  A boggart (Zot)
  19 black bears (Zot)
  2 centaurs (Zot)
  4 ogres (Zot)
  A gnoll sergeant (Zot)
  A giant frog (Zot)
  A wight (Zot)
  3 orc priests (Zot)
  3 iguanas (Zot)
  A sheep (Zot)
  2 gnolls (Zot)
  7 adders (Zot)
  A green rat (Zot)
  A shadow imp (Zot)
  2 giant mites (Zot)
  An orc skeleton (Zot)
  A giant gecko (Zot)
  6 orcs (Zot)
  2 ball pythons (Zot)
  15 goblins (Zot)
  14 hobgoblins (Zot)
  3 quokkas (Zot)
  11 bats (Zot)
  6 jackals (Zot)
  7 kobolds (Zot)
  4 rats (Zot)
127 creatures vanquished.

Vanquished Creatures (others)
  Sigmund (Zot)
  2 oklob saplings (Zot)
  A worm (Zot)
  2 goblins (Zot)
  3 kobolds (Zot)
  A quokka (Zot)
10 creatures vanquished.

Grand Total: 192 creatures vanquished

Notes
Turn   | Place    | Note
--------------------------------------------------------------
     0 | Zot      | Mgcat, the Troll Berserker, began the quest for the Orb.
     0 | Zot      | Reached XP level 1. HP: 22/22 MP: 1/1
   222 | Zot      | Reached XP level 2. HP: 23/29 MP: 1/1
   249 | Zot      | Reached XP level 3. HP: 28/36 MP: 2/2
   348 | Zot      | Reached XP level 4. HP: 43/45 MP: 2/2
   430 | Zot      | Noticed Pnaoggoi
   442 | Zot      | Killed Pnaoggoi the centaur
   442 | Zot      | Reached skill level 4 in Dodging
   442 | Zot      | Reached XP level 5. HP: 30/54 MP: 2/2
   442 | Zot      | Reached XP level 6. HP: 34/62 MP: 3/3
   521 | Zot      | Reached skill level 5 in Unarmed Combat
   538 | Zot      | Reached XP level 7. HP: 32/70 MP: 3/3
   541 | Zot      | Acquired Trog's second power
   709 | Zot      | Reached skill level 5 in Dodging
   735 | Zot      | Noticed Ijyb
   744 | Zot      | Killed Ijyb
   824 | Zot      | Reached skill level 6 in Unarmed Combat
   846 | Zot      | Reached XP level 8. HP: 56/74 MP: 3/3
  1040 | Zot      | Reached skill level 5 in Fighting
  1052 | Zot      | Reached skill level 7 in Unarmed Combat
  1131 | Zot      | Noticed Psyche
  1139 | Zot      | Killed Psyche
  1139 | Zot      | Reached XP level 9. HP: 73/84 MP: 4/4
  1235 | Zot      | Reached skill level 8 in Unarmed Combat
  1339 | Zot      | Noticed Kaast
  1348 | Zot      | Killed Kaast the hill giant
  1430 | Zot      | Reached skill level 9 in Unarmed Combat
  1447 | Zot      | Reached XP level 10. HP: 97/97 MP: 4/4
  1541 | Zot      | Noticed Sigmund
  1553 | Zot      | Killed Sigmund
  1639 | Zot      | Noticed Edmund
  1646 | Zot      | Killed Edmund
  1728 | Zot      | Reached skill level 10 in Unarmed Combat
  1793 | Zot      | Noticed a yellow draconian
  1795 | Zot      | Noticed a hill giant
  1800 | Zot      | Killed a hill giant
  1801 | Zot      | Noticed a storm dragon
  1808 | Zot      | Killed a yellow draconian
  1814 | Zot      | HP: 1/97 [something (5)]
  1815 | Zot      | Shot with a bolt by a yaktaur

Action                   |  1- 3 |  4- 6 |  7- 9 | 10-12 || total
-------------------------+-------+-------+-------+-------++-------
Melee: Unarmed           |    48 |    49 |    72 |    14 ||   183
 Abil: Make oklob saplin |     1 |     3 |     4 |       ||     8
       Make arrow trap   |     2 |     2 |       |       ||     4
       Make oklob plant  |       |       |     6 |     2 ||     8
       Make net trap     |       |       |     2 |       ||     2
 Stab: Distracted        |       |       |     3 |     2 ||     5
